 Dungeon Crawl Stone Soup version 0.24-a0-139-geb6712d (webtiles) character file.

Game seed: 13324123823294281471

23 HAL9000 the Sneak (level 2, 0/15 HPs)
             Began as a Vine Stalker Assassin on Mar 2, 2019.
             Succumbed to an adder's poison
             ... on level 2 of the Dungeon.
             The game lasted 00:06:25 (1431 turns).

HAL9000 the Sneak (Vine Stalker Assassin)           Turns: 1431, Time: 00:06:26

Health: 0/15       AC:  3    Str: 13    XL:     2   Next: 95%
Magic:  1/3        EV: 11    Int: 11    God:
Gold:   31         SH:  0    Dex: 15    Spells: 1/1 levels left

rFire    . . .     SeeInvis .   b - +0 blowgun
rCold    . . .     Gourm    .   (no shield)
rNeg     . . .     Faith    .   c - +0 robe
rPois    .         Spirit   +   (no helmet)
rElec    .         Reflect  .   d - +0 cloak
rCorr    .         Harm     .   (no gloves)
MR       .....                  (no boots)
Stlth    +++.......             (no amulet)
HPRegen  0.05/turn              (no ring)
MPRegen  0.08/turn              (no ring)

@: lethally poisoned (0 -> -10)
A: fangs 2, magic shield, antimagic bite, no potion heal 3, rot immunity
a: no special abilities


You were on level 2 of the Dungeon.
You were hungry.

You visited 1 branch of the dungeon, and saw 2 of its levels.

You collected 31 gold pieces.

Inventory:

Hand Weapons
 a - a +2 dagger
 b - a +0 blowgun (weapon)
Missiles
 e - 6 poisoned needles
 f - a curare-tipped needle (quivered)
Armour
 c - a +0 robe (worn)
 d - a +0 cloak (worn)
 m - a +0 pair of gloves
Scrolls
 h - 2 scrolls of teleportation {unknown}
 j - 2 scrolls of identify {unknown}
 n - a scroll of remove curse {unknown}
 o - 3 scrolls of fear {unknown}
 p - a scroll of magic mapping {unknown}
Potions
 k - 2 potions of degeneration {unknown}
 l - a potion of invisibility {unknown}
Comestibles
 g - 4 rations


   Skills:
 - Level 1.7 Fighting
 + Level 3.0 Short Blades
 - Level 1.7 Throwing
 - Level 0.7 Dodging
 - Level 4.8 Stealth


You had one spell level left.
You didn't know any spells.
Your spell library was empty.

Dungeon Overview and Level Annotations

Branches:
Dungeon (2/15)

Altars:
Uskayaw


Innate Abilities, Weirdness & Mutations

You have extremely sharp teeth.
When hurt, damage is shared between your health and your magic reserves.
Your bite disrupts and absorbs the magic of your enemies.
Potions cannot restore your health.
You are immune to rotting.


Message History

You feel sick.
Quiver which item? (- for none, * to show all) (? for menu, Esc to quit)
Quivering
f - 2 curare-tipped needles for blowguns.
Firing (i - inventory. (/) - cycle)
f - 2 curare-tipped needles (quivered)
Press: ? - help, Shift-Dir - straight line, f - adder
Aim: an adder You shoot a curare-tipped needle.
The curare-tipped needle misses the adder.
The curare-tipped needle closely misses the frilled lizard.
The curare-tipped needle hits the giant cockroach.
The giant cockroach is poisoned.
The giant cockroach convulses.
You kill the giant cockroach!
The adder closely misses you. The adder bites you.
You are more poisoned.
The adder poisons you!
* * * LOW HITPOINT WARNING * * *
You feel sick.
* * * LOW HITPOINT WARNING * * *
You feel sick.
You die...

### #.. #.#
###.## ....
##.###########
#.......<....#
#..###########
#@.# #..#
###.###S.#
.......l.#
#########.###.###
.............K.>#
#........#.#K###
#........#..(..#
#........###.#.#


You could see an adder, 2 kobolds and a frilled lizard.

Vanquished Creatures
  4 bats
  A giant cockroach (D:2)
  A goblin (D:1)
  4 hobgoblins (D:1)
  3 jackals (D:1)
  A quokka (D:2)
  4 frilled lizards
  2 kobolds (D:1)
  2 rats (D:1)
22 creatures vanquished.

Notes
Turn   | Place    | Note
-------+----------+-------------------------------------------
     0 | D:1      | HAL9000 the Vine Stalker Assassin began the quest for the
                  | Orb.
     0 | D:1      | Reached XP level 1. HP: 11/11 MP: 2/2
   379 | D:1      | Reached XP level 2. HP: 15/15 MP: 3/3
  1371 | D:2      | Found a hide-covered altar of Uskayaw.
  1373 | D:2      | Noticed a +0 hand axe
  1373 | D:2      | Noticed a +0 hand axe
  1431 | D:2      | Succumbed to an adder's poison

Levels and vault maps discovered:
D:1:      nicolae_arrival_memento_mori, layout_rooms, minmay_hexomino_f4
D:2:      layout_basic, dancing_weapons_uskayaw

Skill      XL: |  1  2 |
---------------+-------+-----
Short Blades   | 2 3 |  3.0
Fighting       | |  1.7
Throwing       | |  1.7
Dodging        | |  0.7
Stealth        | |  4.8

Action                   || total
-------------------------++-------
Melee: Dagger            ||    66
       Bite              ||    16
 Fire: Blowgun           ||     3
 Stab: Sleeping          ||     2
  Eat: Chunk             ||     1
Armor: Robe              ||    17
Dodge: Dodged            ||    46

Table legend:
 A = Non-vault XP
 B = Vault XP
 C = Vault XP percentage of total XP
 D = Non-vault monster count
 E = Vault monster count
 F = Vault count percentage of total count
                 A         B        C        D         E       F
            +---------+---------+-------+---------+---------+-------
      Total |      28 |       5 |  15.2 |      18 |       4 |  18.2
            +---------+---------+-------+---------+---------+-------
        D:1 |      22 |       5 |  18.5 |      14 |       4 |  22.2
        D:2 |       6 |       0 |   0.0 |       4 |       0 |   0.0
            +---------+---------+-------+---------+---------+-------
